 Dungeon Crawl Stone Soup version 0.21.1-1-g345015f (webtiles) character file.

46 Supreme the Magician (level 3, 0/19 HPs)
             Began as a Deep Elf Wizard on Apr 25, 2018.
             Succumbed to an adder's poison
             ... on level 2 of the Dungeon.
             The game lasted 00:09:14 (1236 turns).

Supreme the Magician (Deep Elf Wizard)              Turns: 1236, Time: 00:09:15

Health: 0/19       AC:  4    Str:  4    XL:     3   Next: 46%
Magic:  4/12       EV: 13    Int: 23    God:
Gold:   82         SH:  0    Dex: 13    Spells: 0/13 levels left

rFire    . . .     SeeInvis .   m - -2 whip (curse)
rCold    . . .     Gourm    .   (no shield)
rNeg     . . .     Faith    .   a - +0 robe
rPois    .         Spirit   .   b - +0 hat
rElec    .         Reflect  .   (no cloak)
rCorr    .         Harm     .   (no gloves)
MR       .....                  j - +1 pair of boots
Stlth    ++........             (no amulet)
HPRegen  0.06/turn              (no ring)
MPRegen  0.13/turn              (no ring)

@: lethally poisoned (0 -> -11), very slightly contaminated
A: no striking features
a: no special abilities


You were on level 2 of the Dungeon.
You were not hungry.

You visited 1 branch of the dungeon, and saw 2 of its levels.

You collected 82 gold pieces.

Inventory:

Hand Weapons
 i - a +0 dagger
 m - a cursed -2 whip (weapon)
 q - a +2 dagger of holy wrath
Missiles
 k - 45 stones (quivered)
 r - 26 arrows
Armour
 a - a +0 robe (worn)
 b - a +0 hat (worn)
 j - a +1 pair of boots (worn)
Scrolls
 e - 2 scrolls of identify {unknown}
 l - a scroll of fear {unknown}
 p - 2 scrolls of teleportation {unknown}
Potions
 g - 3 potions of flight {unknown}
 h - a potion of heal wounds {unknown}
 n - a potion of degeneration {unknown}
 o - 2 potions of haste {unknown}
Books
 c - a book of Minor Magic

   Spells                             Type                      Level
   a - Magic Dart                     Conjuration                  1
   b - Blink                          Translocation                2
   c - Call Imp                       Summoning                    2
   d - Slow                           Hexes                        2
   e - Conjure Flame                  Conjuration/Fire             3
   f - Mephitic Cloud                 Conjuration/Poison/Air       3
Comestibles
 d - 8 rations
 f - 3 chunks of flesh


   Skills:
 + Level 2.7 Dodging
 + Level 2.7 Stealth
 + Level 5.6 Spellcasting
 + Level 2.0 Conjurations
 + Level 1.1 Summonings
 + Level 1.1 Translocations


You couldn't memorise any spells.
You knew the following spells:

 Your Spells              Type           Power        Failure   Level  Hunger
a - Magic Dart            Conj           ###.         3%          1    None
b - Blink                 Tloc           N/A          9%          2    None
c - Call Imp              Summ           ##......     9%          2    None
d - Slow                  Hex            #.......     14%         2    None
e - Conjure Flame         Conj/Fire      ##......     17%         3    ##.....
f - Mephitic Cloud        Conj/Pois/Air  #.......     21%         3    ##.....


Dungeon Overview and Level Annotations

Branches:
Dungeon (2/15)

Altars:


Message History

Your crimson imp closely misses the adder.
Casting: Magic Dart
Confirm with . or Enter, or press ? or * to list all spells.
Aiming: Magic Dart
Press: ? - help, Shift-Dir - straight line, f/p - adder
Aim: an adder (heavily wounded)
The magic dart hits the adder.
The adder is almost dead.
You feel sick. The adder closely misses you.
Your crimson imp misses the adder.
The adder bites you.
* * * LOW HITPOINT WARNING * * *
Casting: Magic Dart
Confirm with . or Enter, or press ? or * to list all spells.
Aiming: Magic Dart
Press: ? - help, Shift-Dir - straight line, f/p - adder
Aim: an adder (almost dead)
You miscast Magic Dart.
You are very lightly contaminated with residual magic.
Wisps of smoke drift from your hands.
You die...

#........##..#####.#......#.#
#........+................#.#
#........###..####.#.##.....#####
#........# ##.# #.#.............
#........# #.####.#.............
#........# #..#.5..§5...........
########## ##.#5#.##............
#..S#.##............
##.@#.########'##### ##
#..#.########......
....####.#...........##.#
.......÷.............##.#
..#.###..............##.#
.###.#..####.#######.#
#........#............#
######.#>...#.#########
#.#.#..#....#


You could see an adder and 2 friendly crimson imps.

Vanquished Creatures
  An adder (D:2)
  2 dart slugs (D:1)
  A leopard gecko (D:1)
  6 bats (D:1)
  2 giant cockroaches (D:1)
  5 hobgoblins (D:1)
  9 goblins
  4 kobolds (D:1)
  2 rats (D:1)
32 creatures vanquished.

Vanquished Creatures (collateral kills)
  A hobgoblin (D:1)
1 creature vanquished.

Grand Total: 33 creatures vanquished

Notes
Turn   | Place    | Note
-------+----------+-------------------------------------------
     0 | D:1      | Supreme the Deep Elf Wizard began the quest for the Orb.
     0 | D:1      | Reached XP level 1. HP: 10/10 MP: 7/7
     6 | D:1      | Noticed a wolf
     6 | D:1      | Noticed an anaconda
    11 | D:1      | Noticed a rime drake
    11 | D:1      | Noticed a crocodile
   148 | D:1      | Reached skill level 5 in Spellcasting
   148 | D:1      | Reached XP level 2. HP: 12/15 MP: 0/10
   169 | D:1      | Learned a level 2 spell: Blink
   172 | D:1      | Learned a level 2 spell: Call Imp
   175 | D:1      | Learned a level 2 spell: Slow
   652 | D:1      | Reached XP level 3. HP: 13/19 MP: 9/12
   657 | D:1      | Learned a level 3 spell: Conjure Flame
   661 | D:1      | Learned a level 3 spell: Mephitic Cloud
  1236 | D:2      | Succumbed to an adder's poison

Skill      XL: |  1  2  3 |
---------------+----------+-----
Spellcasting   | 5 |  5.6
Conjurations   | 2 |  2.0
Dodging        | |  2.7
Stealth        | |  2.7
Summonings     | |  1.1
Translocations | |  1.1

Action                   || total
-------------------------++-------
Melee: Dagger            ||    18
 Cast: Magic Dart        ||    84
       Call Imp          ||     4
       Conjure Flame     ||     2
  Eat: Chunk             ||     1
Armor: Robe              ||     8
Dodge: Dodged            ||    40
